Unix NetHack Version 5.0.0-0 post-release - last build May 10 2026 23:12:36 (d1fa5d53e341ca933230fdaa984d921c805b60aa,branch:main).

Game began 2026-05-11 15:03:22, ended 2026-05-11 16:57:38.

Drastanta, chaotic male elven Wizard

  -------
 --.|.|.--    --
 |.......---  ..
 |.....<..*----.0-- ------
 |.........................-
 |......0....--....---------
 --..--......|--....--
 ---.----....--......--
 |.....| -............|
 |...-.| |............--
 |.....| |......--*).@.---  --
 --....| -- |.---|.)..h..###.###
  ---..-----------........|....|
    |......).)..%..............--
    -----...-----...............-
        |...|   |.......|........|
        |...|   |.....----.......|
        --.--   -------   --------
         ---
Drastanta the Conjurer    St:11 Dx:16 Co:16 In:15 Wi:11 Ch:9  Chaotic
Dlvl:4  $:53 HP:0(38) Pw:61(61) AC:4  Xp:5 T:3382 

Latest messages:
 The gnome shoots an arrow!
 The arrow hits the large cat.
 It bites the gnome.
 The gnome is killed!
 You are caught in a bear trap.
 You are caught in a bear trap.
 You finally wriggle free.
 Your leg feels better.
 Your movements are now unencumbered.
 You hit the gnome.
 The gnome hits!
 You hit the gnome.
 The gnome hits!
 You miss the gnome.
 The gnome lord throws a dart!
 You are hit by a dart.
 You hit the gnome.
 The gnome lord throws a dart!
 A dart misses you.
 You hit the gnome.
 The gnome lord throws a dart!
 A dart misses you.
 The gnome just misses!
 You kill the gnome!
 You hit the gnome lord.
 The gnome lord misses!
 You hit the gnome lord.
 The gnome lord hits!
 You hit the gnome lord.
 You hear crashing rock.
 You hit the gnome lord.
 You hit the gnome lord.
 You hit the gnome lord.
 The gnome lord misses!
 You hit the gnome lord.
 You hit the gnome lord.
 You kill the gnome lord!
 You see here a dart.
 You hit the dwarf.
 The dwarf swings her broad pick.
 The dwarf hits!
 You hit the dwarf.
 The dwarf swings her broad pick.
 The dwarf hits!
 You die...
 Do you want your possessions identified? [ynq] (y) y
 Do you want to see your attributes? [ynq] (y) n
 Do you want an account of creatures vanquished? [ynaq] (y) n
 Do you want to see your conduct and achievements? [ynq] (y) n
 Do you want to see the dungeon overview? [ynq] (y) n

Inventory:
 Coins    ('$')
  $ - 53 gold pieces
 Weapons  (')')
  a - a blessed +1 quarterstaff (alternate weapon; not wielded)
 Armor    ('[')
  s - an uncursed rusty +0 orcish helm (being worn)
  P - an uncursed +0 pair of iron shoes
  H - an uncursed +0 pair of jumping boots
  b - an uncursed +0 cloak of magic resistance (being worn)
  x - an uncursed +0 elven mithril-coat (being worn)
 Comestibles  ('%')
  f - an uncursed slime mold
  z - 4 uncursed food rations
  C - a cursed food ration
  N - an uncursed tripe ration
  p - an uncursed egg
 Scrolls  ('?')
  j - a blessed scroll of confuse monster
  k - an uncursed scroll of confuse monster
  i - an uncursed scroll of enchant armor
  o - an uncursed scroll of fire
  v - an uncursed scroll of identify
  I - an uncursed scroll of light
  G - an uncursed scroll of magic mapping
  y - an uncursed scroll of scare monster
  A - an uncursed scroll of taming
 Potions  ('!')
  K - an uncursed potion of booze
  M - an uncursed potion of fruit juice
  q - an uncursed potion of hallucination
  g - an uncursed potion of object detection
  t - an uncursed potion of see invisible
  h - an uncursed potion of sickness
  B - an uncursed potion of water
 Rings    ('=')
  d - an uncursed ring of conflict
  w - an uncursed ring of invisibility
  e - an uncursed ring of polymorph
  J - an uncursed ring of polymorph control
  F - an uncursed ring of searching
 Wands    ('/')
  c - a blessed wand of magic missile (0:0)
 Tools    ('(')
  u - an uncursed credit card
  n - a magic marker (0:20)
  r - an uncursed tin whistle

Drastanta the Wizard's attributes:

Background:
 You were a Conjurer, a level 5 male elven Wizard.
 You were chaotic, on a mission for Anhur
 who was opposed by Ptah (lawful) and Thoth (neutral).
 You were right-handed.
 You were in the Gnomish Mines, on level 4.
 You entered the dungeon 3382 turns ago.
 You had 209 experience points, 111 more were needed to attain level 6.

Basics:
 You had 0 out of 38 hit points.
 You had all 61 energy points (spell power).
 Your armor class was 4.
 Your wallet contained 53 zorkmids.
 Autopickup was off.

Final Characteristics:
 Your strength was 11 (limit:18).
 Your dexterity was 16 (peak:17, limit:18).
 Your constitution was 16 (limit:16).
 Your intelligence was 15 (limit:20).
 Your wisdom was 11 (limit:20).
 Your charisma was 9 (limit:18).

Final Status:
 You weren't hungry.
 You were unencumbered.
 You were bare handed.
 You were unskilled in bare handed combat and could have enhanced that.

Final Attributes:
 You were piously aligned.
 You were magic-protected.
 You were sleep resistant.
 You had infravision.
 You were guarded.
 Your spell casting was impaired by metallic armor.
 You are dead.

Miscellaneous:
 You didn't encounter any bones levels.
 Total elapsed playing time was 1 hour, 54 minutes and 13 seconds.

Major events:
 Turn
    1: Drastanta the chaotic male elven Wizard entered the dungeon
  291: entered the Gnomish Mines
 1320: attained the rank of Conjurer (level 3)
 3382: killed by a dwarf

Spells:
 Name                 Level Category     Fail Retention
 force bolt             1   attack        81%   81%-90%
 magic missile          2   attack        50%   81%-90%

Skills:
 Fighting Skills
   bare handed combat [Unskilled]
   riding             [Unskilled]
 Weapon Skills
   dagger             [Unskilled]
   knife              [Unskilled]
   axe                [Unskilled]
   short sword        [Unskilled]
   club               [Unskilled]
   mace               [Unskilled]
   quarterstaff       [Basic]
   polearms           [Unskilled]
   spear              [Unskilled]
   trident            [Unskilled]
   sling              [Unskilled]
   dart               [Unskilled]
   shuriken           [Unskilled]
 Spellcasting Skills
   attack spells      [Basic]
   healing spells     [Unskilled]
   divination spells  [Unskilled]
   enchantment spells [Basic]
   clerical spells    [Unskilled]
   escape spells      [Unskilled]
   matter spells      [Unskilled]

Voluntary challenges:
 Character rerolling was not enabled.
 You never genocided any monsters.
 You never polymorphed an object.
 You never changed form.
 You used no wishes.
Achievements:
 You entered the Gnomish Mines.
 You attained the rank of Conjurer.

 The Dungeons of Doom: levels 1 to 5
    Level 1:
    Level 2:
       An altar to Anhur, a fountain, a sink.
       Stairs down to The Gnomish Mines.
    Level 3:
       A fountain.
    Level 4:
    Level 5:
       Many fountains.
 The Gnomish Mines: levels 3 to 4
    Level 3:
    Level 4: <- You were here.
       Final resting place for
          you, killed by a dwarf.


Vanquished creatures:
  a rock piercer
  a rock mole
  3 gnome leaders
  a gnomish wizard
  a kobold mummy
  2 dwarves
  a kobold leader
  a rothe
  2 centipedes
  a werejackal
 an iguana
  a coyote
  a gas spore
  2 hobbits
  2 manes
  a large kobold
  5 giant rats
  2 cave spiders
  a green mold
  a red mold
 13 gnomes
  a gnome zombie
  2 geckos
  4 jackals
  a fox
  2 kobolds
  3 goblins
  2 sewer rats
  2 grid bugs
  a bat
  3 lichens
  5 newts
70 creatures vanquished.

No species were genocided or became extinct.

Game over:
                       ----------
                      /          \
                     /    REST    \
                    /      IN      \
                   /     PEACE      \
                  /                  \
                  |    Drastanta     |
                  |      53 Au       |
                  |   killed by a    |
                  |      dwarf       |
                  |                  |
                  |                  |
                  |       2026       |
                 *|     *  *  *      | *
        _________)/\\_//(\/(/\)/\//\/|_)_______

Goodbye Drastanta the Wizard...

You died in The Gnomish Mines on dungeon level 4 with 1084 points,
and 53 pieces of gold, after 3382 moves.
You were level 5 with a maximum of 38 hit points when you died.

